AoeStats
← AiM | CyclopsTron

Socotra

506774583Analyzed
4v4 RM · 17d ago on Sep 15, 2026· 35m 39s· 8 players
Game mode
Random Map
Map size
148×148
Population
200
Speed
Normal
Resources
Standard
Victory
Conquest
Starting age
Dark Age
Ending age
Imperial Age
RankedLock teamsTeams togetherTeam positionsShared explorationLock speedFull tech treeHidden civsTurbo modeCheats
Victory
Defeat
🇲🇽 Maya · Mexico
1758
+11
🇲🇽 Britons · Mexico
1619
+17
🇲🇽 Gurjaras · Mexico
1594
+18
🇲🇽 Magyars · Mexico
1575
+19
🇹🇷 Koreans · Türkiye
1766
-21
🇺🇸 Franks · United States
1678
-18
🇨🇱 Mongols · Chile
1586
-14
🇹🇷 Persians · Türkiye
1531
-12
LeBotut
5:51 Loom
8:28 Feudal Age
20:51 Feudal Age
25:18 Castle Age
25:22 Crossbowman
28:10 Fletching
28:16 Double-Bit Axe
29:06 Bodkin Arrow
31:48 Padded Archer Armor
32:36 Wheelbarrow
34:14 Gold Mining
34:05 Horse Collar
34:36 Bow Saw
35:49 Ballistics
AiM | CyclopsTron
0:31 Loom
13:42 Feudal Age
14:17 Double-Bit Axe
16:08 Fletching
16:33 Horse Collar
20:58 Padded Archer Armor
26:05 Castle Age
24:10 Gold Mining
26:42 Bodkin Arrow
26:10 Crossbowman
27:23 Bow Saw
30:23 Wheelbarrow
29:34 Town Watch
30:28 Ballistics
32:38 Stone Mining
35:03 Hand Cart
34:48 Town Patrol
35:12 Leather Archer Armor
36:17 Thumb Ring
36:23 Thumb Ring
Argo_
6:20 Loom
8:48 Feudal Age
8:55 Man-at-Arms
9:53 Double-Bit Axe
19:31 Scale Barding Armor
25:00 Castle Age
23:51 Bloodlines
23:46 Horse Collar
24:59 Gold Mining
25:03 Light Cavalry
26:04 Chain Barding Armor
Ux'Nova
6:06 Loom
8:48 Feudal Age
9:17 Double-Bit Axe
16:55 Forging
17:38 Fletching
25:04 Horse Collar
27:05 Scale Mail Armor
29:26 Castle Age
28:10 Bloodlines
28:07 Gold Mining
28:54 Scale Barding Armor
34:42 Wheelbarrow
_LZ_
8:30 Feudal Age
9:13 Double-Bit Axe
9:36 Loom
18:56 Scale Barding Armor
19:59 Forging
25:59 Castle Age
24:29 Gold Mining
27:02 Chain Barding Armor
31:39 Wheelbarrow
33:27 Iron Casting
Burak
6:05 Loom
10:44 Feudal Age
16:04 Double-Bit Axe
19:30 Fletching
20:05 Padded Archer Armor
26:17 Castle Age
24:57 Gold Mining
25:07 Horse Collar
26:57 Bodkin Arrow
26:22 Crossbowman
FNUL
5:46 Loom
5:54 Loom
8:50 Feudal Age
9:32 Double-Bit Axe
17:13 Fletching
25:32 Castle Age
25:35 Crossbowman
26:27 Bow Saw
26:36 Horse Collar
28:57 Bodkin Arrow
30:00 Wheelbarrow
29:27 Gold Mining
31:37 Ballistics
34:57 Thumb Ring
ATABEY
4:56 Loom
5:31 Loom
20:02 Feudal Age
24:43 Castle Age
23:31 Scale Barding Armor
32:21 Horse Collar
36:09 Wheelbarrow
Connection lost

Rejoining the realm…

Still unreachable

The connection could not be restored.

Session expired

The server has moved on; the page needs a fresh start.